AoeStats
← TIMVP

Arabia

508469617Analyzed
1v1 RM · 10d ago on Sep 22, 2026· 19m 23s· 2 players
Game mode
Random Map
Map size
Tiny (2 player)
Population
200
Speed
Normal
Resources
Standard
Victory
Conquest
Starting age
Dark Age
Ending age
Imperial Age
RankedLock teamsTeams togetherTeam positionsShared explorationLock speedFull tech treeHidden civsTurbo modeCheats
Victory
Defeat
🇲🇽 Persians · Mexico
567
+15
🇵🇪 Romans · Peru
545
-15
TIMVP
12:58 Feudal Age
13:31 Double-Bit Axe
14:30 Wheelbarrow
18:23 Loom
ATHILA EL 1
8:09 Loom
10:36 Feudal Age
11:31 Horse Collar
17:10 Forging
Connection lost

Rejoining the realm…

Still unreachable

The connection could not be restored.

Session expired

The server has moved on; the page needs a fresh start.